 Dungeon Crawl Stone Soup version 0.29.1 (webtiles) character file.

Game seed: 196834962429940465

3318 awesomegowd the Cleaver (level 9, -10/79 HPs)
             Began as a Minotaur Gladiator on Sept 5, 2022.
             Was an Initiate of Gozag.
             Mangled by a two-headed ogre
             ... wielding a +0 giant club
              (19 damage)
             ... on level 8 of the Dungeon on Sept 14, 2022.
             The game lasted 00:46:48 (8535 turns).

awesomegowd the Cleaver (Minotaur Gladiator)        Turns: 8535, Time: 00:46:50

Health: -10/79     AC: 15    Str: 22    XL:     9   Next: 71%
Magic:  8/8        EV: 10    Int: 11    God:    Gozag
Gold:   359        SH:  5    Dex: 17    Spells: 8/8 levels left

rFire   . . .      SeeInvis .   d - +7 long sword (vorpal)
rCold   . . .      Faith    .   (no shield)
rNeg    . . .      Spirit   .   h - +1 chain mail
rPois   .          Reflect  +   c - +0 hat
rElec   .          Harm     .   (no cloak)
rCorr   .          Rampage  .   m - +0 pair of gloves
Will    +....                   b - +1 pair of boots
Stlth   ..........              g - amulet of reflection
HPRegen 0.23/turn               o - +6 ring of dexterity
MPRegen 0.11/turn               e - ring of Typu {Will+ Int+4}

@: gold aura
A: horns 2, retaliatory headbutt
a: Renounce Religion, Potion Petition, Call Merchant, Bribe Branch


You were on level 8 of the Dungeon.
You worshipped Gozag.
Gozag was aware of your devotion.
You visited 2 branches of the dungeon, and saw 9 of its levels.

You collected 745 gold pieces.
You spent 348 gold pieces at shops.
You paid 38 gold pieces to Gozag.

Inventory:

Hand Weapons
 a - a +0 war axe
 d - a +7 vorpal long sword (weapon)
 i - a +3 quarterstaff of chaos
 l - a +1 mace of draining
 y - a +1 demon trident of venom
Missiles
 p - 54 stones (quivered)
 z - 3 boomerangs
 C - 3 curare-tipped darts
 K - 3 javelins
 L - 9 poisoned darts
Armour
 b - a +1 pair of boots (worn)
 c - a +0 hat (worn)
 h - a +1 chain mail (worn)
 m - a +0 pair of gloves (worn)
Magical Staves
 j - a staff of fire
Jewellery
 e - the ring of Typu (right hand) {Will+ Int+4}
   (You found it on level 5 of the Dungeon)

   [ring of willpower]

   Int:       It affects your intelligence (+4).
   Will:      It increases your willpower.
 g - an amulet of reflection (around neck)
 k - a ring of ice
 o - a +6 ring of dexterity (left hand)
Wands
 I - a wand of flame (43)
 J - a wand of quicksilver (23)
Scrolls
 f - 3 scrolls of teleportation
 n - 4 scrolls of amnesia
 r - 2 scrolls of fog
 u - a scroll of vulnerability {unknown}
 w - a scroll of immolation {unknown}
 x - 2 scrolls of blinking
 D - 3 scrolls of noise
 G - a scroll of poison {unknown}
 H - 2 scrolls of torment {unknown}
Potions
 q - a potion of berserk rage
 t - a potion of mutation
 v - a potion of heal wounds
 A - a potion of magic
 B - a potion of haste
 E - a potion of attraction
 F - 2 potions of degeneration {unknown}


   Skills:
 + Level 7.3 Fighting
 + Level 5.8 Long Blades
 + Level 9.3(9.4) Axes
 + Level 2.3(6.3) Maces & Flails
 + Level 2.6 Throwing
 + Level 8.3 Armour
 + Level 4.7 Dodging
 + Level 1.4 Stealth
 + Level 3.0 Shields


You had 8 spell levels left.
You didn't know any spells.
Your spell library contained the following spells:

 Spells                   Type           Power      Damage    Failure   Level
 Freeze                   Ice            0%         1d3       93%         1
 Blink                    Tloc           0%         N/A       98%         2
 Conjure Flame            Conj/Fire      0%         6-21      100%        3
 Frozen Ramparts          Ice            0%         1d1       100%        3
 Ignite Poison            Fire/Tmut/Pois 0%         N/A       100%        3
 Hailstorm                Conj/Ice       0%         3d3       100%        4
 Sticky Flame             Conj/Fire      0%         2d3       100%        4
 Summon Ice Beast         Ice/Summ       0%         N/A       100%        4
 Manifold Assault         Tloc           0%         N/A       100%        5
 Summon Mana Viper        Hex/Summ       0%         N/A       100%        5
 Monstrous Menagerie      Summ           0%         N/A       100%        7
 Storm Form               Tmut/Air       0%         N/A       100%        7


Dungeon Overview and Level Annotations

Branches:
Dungeon (8/15)             Temple (1/1) D:7
   Lair: D:8-11

Altars:
Ashenzari
Cheibriados
Dithmenos
Elyvilon
Fedhas
Gozag
Hepliaklqana
Kikubaaqudgha
Makhleb
Nemelex Xobeh
Okawaru
Qazlal
Ru
Sif Muna
Trog
Uskayaw
Vehumet
Wu Jian
Xom
Yredelemnul
Zin
The Shining One

Shops:
D:2 !   D:5 :?[[

Annotations:
D:4 1 runed translucent door


Innate Abilities, Weirdness & Mutations

You have a pair of horns on your head.
You reflexively headbutt those who attack you in melee.


Message History

The yak gores you! x2; The yak closely misses you.
You furiously retaliate!
You headbutt the yak. The yak gores you! The orc priest completely misses you.
You furiously retaliate!
You headbutt the orc priest!
An orc comes into view. It is wielding a +0 short sword.
You hit the yak.
You kill the yak!
The orc priest barely misses you. The yak gores you but does no damage.
The yak gores you! The yak gores you.
* * * LOW HITPOINT WARNING * * *
The yak gores you but does no damage.
A howler monkey comes into view.
You feel much better. The two-headed ogre barely misses you.
The two-headed ogre hits you with a +0 giant spiked club.
The yak gores you! The yak gores you. x2
* * * LOW HITPOINT WARNING * * *
The yak barely misses you.
You feel much better. The yak gores you. The yak barely misses you.
The orc priest hits you but does no damage.
The yak gores you. The yak gores you but does no damage.
The two-headed ogre closely misses you. You furiously retaliate!
You headbutt the two-headed ogre! The two-headed ogre closely misses you.
You slice the orc priest!!
You kill the orc priest!
The howler monkey is distracted by your dazzling golden aura.
The yak gores you! The yak gores you but does no damage.
You block the yak's attack. The yak completely misses you.
The yak attacks as you move away! The yak gores you.
You block the two-headed ogre's attack.
The two-headed ogre hits you with a +0 giant spiked club!
* * * LOW HITPOINT WARNING * * *
Things that are here:
6 gold pieces; a +0 mace Unknown command.
You closely miss the yak. The yak gores you but does no damage.
You block the yak's attack. The orc wizard closely misses you.
The yak gores you.
* * * LOW HITPOINT WARNING * * *
The two-headed ogre hits you with a +0 giant club!!
You die...
Your body crumbles into a pile of gold.

#. #. . ..
.. . . .# .#
#. .##.##.
#.###.......
$
h.o........
#oO.......
#@YY...... $
#.YY.......
#..........
...#########
.... .<#...
. ..$# ##..


You could see a two-headed ogre, 4 yaks, an orc wizard and an orc.

Vanquished Creatures
  Pikel (D:6)
  The ghost of Tiocfaidh the Trooper, an amateur GrCK of Xom (D:4)
  A yak (D:8)
  A steam dragon (D:7)
  A black bear (D:6)
  An ice beast (D:4)
  2 orc warriors (D:7)
  2 ogres
  A phantom (D:5)
  3 bullfrogs
  2 necrophages
  9 scorpions
  4 wights
  A howler monkey (D:7)
  A jelly (D:6)
  A quasit (D:4)
  2 hounds
  3 orc priests
  3 iguanas
  Crazy Yiuf (D:2)
  Natasha (twice) (D:2)
  Terence (D:2)
  An orc wizard (D:5)
  Robin (D:2)
  4 gnolls (D:4)
  7 adders
  A river rat (D:4)
  2 shadow imps
  A white imp (D:6)
  5 ufetubi
  3 worms (D:2)
  2 dart slugs
  7 orcs
  8 bats
  9 endoplasms
  2 giant cockroaches (D:4)
  12 goblins
  11 hobgoblins
  3 jackals (D:3)
  3 quokkas
  7 ball pythons
  4 frilled lizards
  6 kobolds
  6 rats
149 creatures vanquished.

Vanquished Creatures (others)
  5 demonic plants (D:4)
  5 fungi (D:4)
  3 plants (D:4)
13 creatures vanquished.

Grand Total: 162 creatures vanquished

Notes
Turn   | Place    | Note
-------+----------+-------------------------------------------
     0 | D:1      | awesomegowd the Minotaur Gladiator began the quest for the
                  | Orb.
     0 | D:1      | Reached XP level 1. HP: 18/18 MP: 0/0
   227 | D:1      | Found a faded altar of an unknown god.
   267 | D:1      | Reached XP level 2. HP: 17/25 MP: 1/1
   769 | D:1      | Reached skill level 4 in Axes
  1150 | D:2      | Reached XP level 3. HP: 29/30 MP: 2/2
  1319 | D:2      | Reached skill level 1 in Armour
  1357 | D:2      | Found Axzei's Distillery.
  1370 | D:2      | Noticed Terence
  1383 | D:2      | Killed Terence
  1384 | D:2      | Reached XP level 4. HP: 18/38 MP: 3/3
  1422 | D:2      | Noticed Robin
  1424 | D:2      | Reached skill level 5 in Axes
  1441 | D:2      | Killed Robin
  1741 | D:2      | Identified the +3 scale mail of the Ward {rPois rF- rN++
                  | Str-2}
  1804 | D:2      | Noticed Natasha
  1814 | D:2      | Killed Natasha
  1815 | D:2      | Reached XP level 5. HP: 32/45 MP: 4/4
  2287 | D:2      | Noticed Natasha
  2293 | D:2      | Killed Natasha
  2334 | D:2      | Found a runed translucent door.
  2335 | D:2      | Noticed Crazy Yiuf
  2343 | D:2      | Killed Crazy Yiuf
  2636 | D:2      | Bought a potion of curing for 30 gold pieces
  2636 | D:2      | Bought a potion of heal wounds for 50 gold pieces
  3699 | D:4      | Noticed an ice beast
  3713 | D:4      | Killed an ice beast
  3714 | D:4      | Reached skill level 6 in Axes
  3714 | D:4      | Reached XP level 6. HP: 32/52 MP: 5/5
  3864 | D:4      | Found an ornate altar of the Wu Jian Council.
  3877 | D:4      | Found a white marble altar of Elyvilon.
  3935 | D:4      | Found a runed translucent door.
  3938 | D:4      | Noticed Tiocfaidh's ghost (amateur GrCK)
  3947 | D:4      | Reached skill level 7 in Axes
  3947 | D:4      | Reached XP level 7. HP: 23/60 MP: 6/6
  3960 | D:4      | Killed Tiocfaidh's ghost
  3961 | D:4      | Reached skill level 1 in Stealth
  3967 | D:4      | Found a runed translucent door.
  4307 | D:4      | Found an opulent altar of Gozag.
  4328 | D:4      | Became a worshipper of Gozag Ym Sagoz the Greedy
  4329 | D:4      | Upgraded the game from 0.29.0-11-gd7f09526c8 to
                  | 0.29.0-13-gc9e81de378
  4455 | D:4      | Reached skill level 8 in Axes
  5073 | D:5      | Entered Level 5 of the Dungeon
  5084 | D:5      | Reached skill level 5 in Armour
  5116 | D:5      | Reached XP level 8. HP: 46/67 MP: 7/7
  5167 | D:5      | Identified the ring of Typu {Will+ Int+4}
  5186 | D:5      | Found Duecej's Antique Armour Emporium.
  5201 | D:5      | Found Vaex's Magic Scroll Boutique.
  5522 | D:5      | Reached skill level 5 in Fighting
  5534 | D:5      | Found Purareny's Antique Armour Shoppe.
  5548 | D:5      | Reached skill level 9 in Axes
  5548 | D:5      | Reached skill level 1 in Maces & Flails
  5926 | D:5      | Found Wage Zic's Book Shop.
  6019 | D:5      | Bought a scroll of enchant weapon for 82 gold pieces
  6019 | D:5      | Bought a scroll of enchant armour for 82 gold pieces
  6019 | D:5      | Bought a scroll of identify for 22 gold pieces
  6019 | D:5      | Bought a scroll of enchant weapon for 82 gold pieces
  6714 | D:6      | Found a radiant altar of Vehumet.
  6839 | D:6      | Reached skill level 1 in Shields
  6891 | D:6      | Found a basalt altar of Yredelemnul.
  7058 | D:6      | Reached skill level 1 in Long Blades
  7096 | D:6      | Noticed Pikel
  7101 | D:6      | Killed Pikel
  7102 | D:6      | Reached XP level 9. HP: 47/78 MP: 8/8
  7601 | D:7      | Found a staircase to the Ecumenical Temple.
  7618 | D:7      | Upgraded the game from 0.29.0-13-gc9e81de378 to 0.29.1
  7623 | Temple   | Entered the Ecumenical Temple
  8316 | D:7      | Found a bloodstained altar of Trog.
  8337 | D:7      | Reached skill level 5 in Long Blades
  8484 | D:7      | Found a sparkling altar of Nemelex Xobeh.
  8484 | D:7      | Found a shimmering altar of Xom.
  8525 | D:8      | Noticed a two-headed ogre
  8535 | D:8      | Mangled by a two-headed ogre

Illustrated notes

Levels and vault maps discovered:
D:1:      dpeg_arrival_connections, layout_basic, ebering_ecumenical_altar_hall,
          grunt_decor_mini_mirrors, palyth_stone_intersect, grunt_decor_cap,
          hex_medium, roderic_lattice_a
D:2:      layout_loops_ring, serial_shops, nicolae_shop_crystal,
          serial_park_tiny_2, uniq_terence, uniq_natasha, uniq_robin,
          uniq_crazy_yiuf_cottage
D:3:      wad_pebble_path, layout_basic, nicolae_elevator_lobby_asterisk
D:4:      minmay_chambers_of_threes, layout_basic, mainiacjoe_overflow_alcove_4,
          mainiacjoe_overflow_big_doors, ebering_ghost_sewer_f, serial_demonic,
          serial_demonic_b, serial_demonic_e, serial_demonic_c,
          serial_demonic_a, serial_demonic_c, serial_demonic_c,
          serial_demonic_c, minmay_close_crescents
D:5:      layout_basic, serial_shops, shop, shop, shop_scrolls,
          nicolae_shop_advertising_works [nicolae_subvault_shop_adworks],
          minmay_fractal_squares_diagonal_5
D:6:      layout_basic, mainiacjoe_overflow_paths, lemuel_tele_altar, uniq_pikel
D:7:      layout_basic, trog_butcher_becter, gammafunk_temple_overflow_elements,
          minmay_temple_entry_overgrown, nicolae_shop_self_help
D:8:      layout_rooms, erik_lair_dragon, nicolae_ossuary_entry_catacombs,
          nrook_campfire, minmay_bent, uniq_grum, uniq_maggie
Temple:   dpeg_chambers_temple

Skill      XL: |  1  2  3  4  5  6  7  8  9 |
---------------+----------------------------+-----
Axes           | 4 5 6 7 8 9 |  9.3
Fighting       | 3 4 6 7 |  7.3
Armour         | 1 2 3 4 5 7 8 |  8.3
Dodging        | 4 |  4.7
Stealth        | 1 |  1.4
Maces & Flails | 2 |  2.3
Shields        | 2 3 |  3.0
Long Blades    | 3 5 |  5.8
Throwing       | |  2.6

Action                   |  1- 3 |  4- 6 |  7- 9 || total
-------------------------+-------+-------+-------++-------
Melee: War axe           |    62 |    88 |    78 ||   228
       Headbutt          |     9 |    18 |    47 ||    74
       Punch             |       |     3 |     2 ||     5
       Long sword        |       |       |    96 ||    96
       Mace              |       |       |    35 ||    35
Throw: Throwing net      |       |     3 |     1 ||     4
       Javelin           |       |     1 |       ||     1
       Stone             |       |       |     4 ||     4
  Use: Scroll            |     1 |     4 |    13 ||    18
       Potion            |       |     1 |     4 ||     5
 Stab: Held in net/web   |       |     1 |       ||     1
       Distracted        |       |       |     1 ||     1
Armor: Chain mail        |    49 |    61 |   122 ||   232
       Leather armour    |     2 |       |       ||     2
Dodge: Dodged            |    33 |    61 |   113 ||   207
Block: Other             |       |       |    47 ||    47
